 Dungeon Crawl Stone Soup version 0.29-a0-620-g13ace881f2 (webtiles) character file.

Game seed: 8366036971467432439

38738 avis the Marksdemigod (level 13, 0/116 HPs)
             Began as a Demigod Ice Elementalist on June 17, 2022.
             Killed from afar by a wretched star (12 damage)
             ... with a lance of force
             ... on level 2 of the Abyss on June 18, 2022.
             The game lasted 02:36:26 (22413 turns).

avis the Marksdemigod (Demigod Ice Elementalist)   Turns: 22413, Time: 02:36:26

Health: 0/116      AC: 26    Str: 15    XL:     13   Next: 32%
Magic:  21/22      EV: 13    Int: 17    God:
Gold:   824        SH:  0    Dex: 30    Spells: 15/20 levels left

rFire   x . .      SeeInvis +   a - +2 long sword (freeze)
rCold   + . .      Faith    .   (no shield)
rNeg    . . .      Spirit   .   z - +4 skin of Zhor {*Englaciate rC+++ SInv}
rPois   +          Reflect  .   v - +0 helmet
rElec   .          Harm     .   H - +0 cloak
rCorr   .          Rampage  .   l - +0 pair of gloves
Will    +....      Rage     3%  j - +2 pair of boots {Stlth+}
Stlth   ++++......              u - amulet of Elemental Vulnerability {rPois rF-- rC-- AC+8}
HPRegen 0.00/turn               D - ring of protection from fire
MPRegen 0.18/turn               g - +6 ring of strength

@: ice-armoured, sick
A: high MP 1, forlorn, divine attributes, subdued magic 1, [berserk 2],
[deformed body]
a: no special abilities


You were on level 2 of the Abyss.
You visited 3 branches of the dungeon, and saw 16 of its levels.
You visited the Abyss 1 time.
You also visited: Volcano.

You collected 1489 gold pieces.
You spent 665 gold pieces at shops.

Inventory:

Hand Weapons
 a - a +2 long sword of freezing (weapon)
 b - a +2 longbow of flaming
 o - a +1 longbow of flaming
 w - a +3 scimitar of flaming
 E - a +1 mace of flaming
 I - a +1 rapier of flaming
 M - a +0 mace of flaming
 P - a +1 mace of flaming
 R - a +0 mace of flaming
 T - a +0 mace of flaming
Missiles
 h - 3 poisoned darts
 N - a throwing net
Armour
 j - a +2 pair of boots of stealth (worn)
 l - a +0 pair of gloves (worn)
 v - a +0 helmet (worn)
 z - the +4 skin of Zhor (worn) {*Englaciate rC+++ SInv}
   (You found it on level 8 of the Dungeon)

   It radiates cold, occasionally slowing all nearby creatures who are not
   resistant to cold.
   rC:        It renders you almost immune to cold.
   SInv:      It lets you see invisible.
 A - a +1 pair of boots
 H - a +0 cloak (worn)
 J - the +1 pair of boots of Cusa {Fly rCorr Int+4}
   (You found it in a volcano)

   Int:       It affects your intelligence (+4).
   Fly:       It grants you flight.
   rCorr:     It protects you from acid and corrosion.
 L - a +3 leather armour of fire resistance
 O - a +2 robe of fire resistance
 Q - a +2 robe of fire resistance
 S - a +2 robe of fire resistance
 U - a +0 robe of fire resistance
Jewellery
 f - a ring of flight
 g - a +6 ring of strength (right hand)
 u - the amulet of Elemental Vulnerability (around neck) {rPois rF-- rC-- AC+8}
   (You found it on level 2 of the Lair of Beasts)

   [amulet of nothing]

   AC:        It affects your AC (+8).
   rF:        It makes you very vulnerable to fire.
   rC:        It makes you very vulnerable to cold.
   rPois:     It protects you from poison.
 D - a ring of protection from fire (left hand)
Wands
 y - a wand of paralysis (9)
 G - a wand of flame (28)
 K - a wand of mindburst (8)
Scrolls
 d - a scroll of enchant armour
 m - 13 scrolls of teleportation
 n - 4 scrolls of poison
 q - a scroll of fear
 s - 5 scrolls of fog
 C - a scroll of magic mapping
Potions
 c - 3 potions of brilliance
 e - 5 potions of heal wounds
 i - a potion of curing
 k - 3 potions of lignification
 r - 6 potions of haste
 t - a potion of invisibility
 x - 5 potions of magic
 B - a potion of berserk rage
 F - 5 potions of might
Miscellaneous
 p - a condenser vane


   Skills:
 - Level 11.0 Fighting
 * Level 16.7 Bows
 - Level 2.0 Armour
 - Level 2.0 Dodging
 - Level 2.0 Stealth
 - Level 4.0 Spellcasting
 - Level 2.0 Translocations
 - Level 8.0 Ice Magic


You had 15 spell levels left.
You knew the following spells:

 Your Spells              Type           Power      Damage    Failure   Level
b - Blink                 Tloc           14%        N/A       9%          2
o - Ozocubu's Armour      Ice            23%        N/A       1%          3

Your spell library contained the following spells:

 Spells                   Type           Power      Damage    Failure   Level
 Freeze                   Ice            92%        1d10      1%          1
 Frozen Ramparts          Ice            46%        1d6       1%          3
 Apportation              Tloc           14%        N/A       5%          1
 Necrotize                Necr           8%         1d4       13%         1
 Sting                    Tmut/Pois      8%         1d3       13%         1
 Summon Small Mammal      Summ           8%         N/A       13%         1
 Lesser Beckoning         Tloc           7%         N/A       17%         3
 Poisonous Vapours        Pois/Air       4%         N/A       21%         2
 Scorch                   Fire           4%         2d5       21%         2
 Hailstorm                Conj/Ice       13%        3d5       26%         4
 Metabolic Englaciation   Hex/Ice        6%         N/A       58%         5
 Flame Wave               Conj/Fire      2%         2d4       80%         4
 Leda's Liquefaction      Hex/Erth       1%         N/A       80%         4
 Olgreb's Toxic Radiance  Pois           2%         N/A       80%         4
 Petrify                  Tmut/Erth      2%         N/A       80%         4
 Manifold Assault         Tloc           7%         N/A       86%         5
 Alistair's Intoxication  Tmut/Pois      1%         N/A       99%         5
 Blade Hands              Tmut           1%         N/A       99%         5
 Fireball                 Conj/Fire      1%         3d3       99%         5
 Irradiate                Conj/Tmut      1%         3d13      99%         5
 Iskenderun's Battlesphe  Conj           2%         2d6       99%         5
 Lee's Rapid Deconstruct  Erth           1%         3d5*      99%         5
 Conjure Ball Lightning   Conj/Air       1%         3x3d6     100%        6
 Statue Form              Tmut/Erth      1%         N/A       100%        6
 Summon Cactus Giant      Summ           1%         N/A       100%        6
 Dragon Form              Tmut           1%         N/A       100%        7
 Orb of Destruction       Conj           1%         9d5       100%        7
 Discord                  Hex            1%         N/A       100%        8
 Disjunction              Tloc           3%         N/A       100%        8


Dungeon Overview and Level Annotations

Branches:
Dungeon (11/15)            Temple (1/1) D:7            Lair (4/6) D:10
  Swamp (0/4) Lair:3        Snake (0/4) Lair:2          Orc (0/2) D:10
Volcano (visited)

Shops:
D:6 (

Annotations:
D:2 1 runed translucent door, exclusion: door
D:9 1 runed translucent door, Taurus's ghost, novice MiFi


Innate Abilities, Weirdness & Mutations

You have an increased reservoir of magic. (+10% MP)
You shall have no god before yourself.
Your divine heritage dramatically boosts your attributes as you level up.
Your spells are a little easier to cast, but a little less powerful.
[You often lose your temper in combat.]
[Armour fits poorly on your strangely shaped body.]


Message History

Shoot: b) +2 longbow (flame)
Press: ? - help, Q - select action, (/) - cycle Shift-Dir - straight line, f/p - ancient zyme
Aim: an ancient zyme (almost destroyed, slow, 84% to hit)
You shoot an arrow. The arrow hits the ancient zyme!
The arrow burns the ancient zyme.
You destroy the ancient zyme!
That felt strangely unrewarding.
You start resting.
A wretched star comes into view.
Your +2 longbow of flaming stops flaming.
Your +2 long sword of freezing glows with a cold blue light!
a - a +2 long sword of freezing (weapon)
The wretched star glows turbulently.
The lance of force hits you.
You are knocked back by the lance of force.
You slam into the stone wall!
You slash the wretched star! You freeze the wretched star.
You punch the wretched star, but do no damage.
The wretched star is moderately damaged.
You radiate an aura of cold.
The wretched star is unaffected.
The wretched star glows turbulently.
The lance of force hits you but does no damage.
You hit the wretched star. You freeze the wretched star.
The wretched star is moderately damaged.
You radiate an aura of cold.
The wretched star is unaffected.
The wretched star pulses with an eldritch light! x2
You slash the wretched star! You freeze the wretched star.
The wretched star is heavily damaged.
You radiate an aura of cold.
The wretched star is unaffected.
The wretched star glows turbulently.
The lance of force hits you!!
* * * LOW HITPOINT WARNING * * *
You are knocked back by the lance of force.
You slam into the stone wall!
You slash the wretched star! You freeze the wretched star.
The wretched star is severely damaged.
You radiate an aura of cold.
The wretched star is unaffected.
The wretched star glows turbulently.
The lance of force hits you!
You die...

#. . . .
# . #.
..# ≈ ..
# ≈≈ #.
###...#
≈≈ .. #@#
.. .
##*.#. .≈
.##.#..#
.≈ # # .
##......≈
≈ # #..
... ...#
≈ #.
##...#
.##.≈ .#
. .#..#.
≈≈ ≈ .
###≈≈≈≈≈≈
. ## . #
≈≈


You could see a wretched star.

Vanquished Creatures
  2 boulder beetles (D:11)
  Erica (D:9)
  2 hydras (Lair:3)
  4 two-headed ogres
  A catoblepas (Lair:4)
  A dancing weapon (Volcano)
  6 death yaks
  2 wretched stars (Abyss:2)
  4 wizards (Volcano)
  Pikel (D:9)
  5 starcursed masses (Abyss:2)
  2 lindwurms (Lair:3)
  A worldbinder (Abyss:2)
  6 elephants (Lair:4)
  4 toenail golems (Volcano)
  A rust devil (Abyss:2)
  A cyclops (D:11)
  Maurice (D:9)
  A black mamba (Lair:3)
  An orange demon (Abyss:2)
  2 smoke demons (Abyss:2)
  5 cane toads
  A torpor snail (Lair:3)
  6 rime drakes (D:8)
  4 komodo dragons
  A rime drake (shapeshifter) (D:11)
  2 ancient zymes (Abyss:2)
  A troll (D:10)
  A hornet (D:9)
  3 slime creatures (D:9)
  4 raiju (Abyss:2)
  Grinder (D:5)
  4 blink frogs (Lair:3)
  4 wraiths
  4 wyverns
  33 yaks
  A shadow (D:10)
  Grum (D:11)
  2 basilisks
  A neqoxec (Abyss:2)
  2 chaos spawn (Abyss:2)
  Edmund (D:6)
  4 nagas (Lair:2)
  2 acid dragons
  13 water moccasins
  A swamp drake (Lair:3)
  7 black bears
  5 orc warriors
  A sky beast (D:7)
  3 ice beasts
  4 ogres
  2 wolves (D:11)
  5 centaurs
  A lemure (D:9)
  A small abomination (Abyss:2)
  10 kobold brigands
  9 bullfrogs
  6 gnoll sergeants (D:10)
  5 scorpions
  2 necrophages
  14 wights
  A killer bee (D:9)
  An electric eel (Lair:1)
  3 howler monkeys
  5 jellies
  2 hounds (D:5)
  A gnoll shaman (D:7)
  3 orc priests
  Terence (D:3)
  Natasha (thrice) (D:3)
  7 iguanas
  3 orc wizards
  Robin (D:3)
  13 adders
  8 gnolls
  A shadow imp (D:8)
  3 white imps
  4 ufetubi
  4 dart slugs
  25 orcs
  8 ball pythons
  3 bats
  7 endoplasms
  5 giant cockroaches
  17 hobgoblins
  27 kobolds
  3 quokkas
  2 frilled lizards
  17 goblins
  8 rats
412 creatures vanquished.

Vanquished Creatures (others)
  49 fungi
  46 plants
95 creatures vanquished.

Grand Total: 507 creatures vanquished

Notes
Turn   | Place    | Note
-------+----------+-------------------------------------------
     0 | D:1      | avis the Demigod Ice Elementalist began the quest for the
                  | Orb.
     0 | D:1      | Reached XP level 1. HP: 14/14 MP: 5/5
   283 | D:1      | Reached XP level 2. HP: 20/20 MP: 5/7
  1406 | D:2      | Reached XP level 3. HP: 26/26 MP: 6/8
  1473 | D:2      | Reached skill level 5 in Ice Magic
  1477 | D:2      | Learned a level 3 spell: Ozocubu's Armour
  1639 | D:2      | Found a runed translucent door.
  1721 | D:3      | Noticed Terence
  1729 | D:3      | Killed Terence
  1730 | D:3      | Reached skill level 1 in Fighting
  1730 | D:3      | Reached XP level 4. HP: 23/35 MP: 6/10
  2279 | D:3      | Noticed Natasha
  2285 | D:3      | Killed Natasha
  2643 | D:3      | Noticed Natasha
  2658 | D:3      | Killed Natasha
  2659 | D:3      | Reached XP level 5. HP: 24/40 MP: 7/12
  2826 | D:3      | Noticed Robin
  2886 | D:3      | Killed Robin
  3173 | D:3      | Noticed Natasha
  3181 | D:3      | Killed Natasha
  3739 | D:4      | Found Simi's Magic Scroll Boutique.
  3849 | D:4      | Reached XP level 6. HP: 40/48 MP: 3/13
  4474 | D:4      | Bought a scroll of identify for 28 gold pieces
  4474 | D:4      | Bought a scroll of magic mapping for 49 gold pieces
  4474 | D:4      | Bought a scroll of noise for 14 gold pieces
  4491 | D:5      | Entered Level 5 of the Dungeon
  4756 | D:5      | Reached skill level 1 in Armour
  4756 | D:5      | Reached XP level 7. HP: 55/59 MP: 11/14
  4799 | D:5      | Noticed Grinder
  4859 | D:5      | Paralysed by Grinder for 4 turns
  4868 | D:5      | Killed Grinder
  4869 | D:5      | Reached skill level 5 in Fighting
  5514 | D:6      | Found Memuag's Weapon Boutique.
  6055 | D:6      | Reached skill level 1 in Bows
  6286 | D:6      | Noticed Edmund
  6301 | D:6      | Killed Edmund
  6302 | D:6      | Reached skill level 2 in Bows
  6302 | D:6      | Reached XP level 8. HP: 52/70 MP: 13/15
  6552 | D:6      | Reached skill level 3 in Bows
  6592 | D:6      | Reached skill level 4 in Bows
  6879 | D:6      | Reached skill level 5 in Bows
  7047 | D:6      | Reached skill level 6 in Bows
  8099 | D:6      | Reached skill level 7 in Bows
  8382 | D:7      | Reached XP level 9. HP: 43/75 MP: 14/16
  8781 | D:7      | Noticed a komodo dragon
  8789 | D:7      | Killed a komodo dragon
  8790 | D:7      | Reached skill level 8 in Bows
  9438 | D:7      | Found a staircase to the Ecumenical Temple.
  9445 | Temple   | Entered the Ecumenical Temple
  9579 | D:4      | Bought a scroll of brand weapon for 280 gold pieces
  9579 | D:4      | Bought a scroll of enchant armour for 105 gold pieces
  9579 | D:4      | Bought a scroll of enchant weapon for 105 gold pieces
  9579 | D:4      | Bought a scroll of fog for 28 gold pieces
  9579 | D:4      | Bought a scroll of identify for 28 gold pieces
  9579 | D:4      | Bought a scroll of identify for 28 gold pieces
 10061 | D:8      | Reached skill level 9 in Bows
 10096 | D:8      | Noticed a rime drake
 10096 | D:8      | Noticed a rime drake
 10098 | D:8      | Noticed a rime drake
 10099 | D:8      | Noticed a rime drake
 10100 | D:8      | Noticed a rime drake
 10118 | D:8      | Killed a rime drake
 10170 | D:8      | Killed a rime drake
 10171 | D:8      | Reached skill level 10 in Bows
 10173 | D:8      | Killed a rime drake
 10181 | D:8      | Killed a rime drake
 10187 | D:8      | Killed a rime drake
 10188 | D:8      | Reached XP level 10. HP: 16/83 MP: 17/17
 10716 | D:8      | Reached skill level 11 in Bows
 10805 | D:8      | Found the +4 skin of Zhor {*Englaciate rC+++ SInv}
 12070 | D:9      | Reached skill level 12 in Bows
 12141 | D:9      | Noticed Pikel
 12154 | D:9      | Killed Pikel
 12309 | D:9      | Noticed a two-headed ogre
 12316 | D:9      | Killed a two-headed ogre
 12317 | D:9      | Reached skill level 13 in Bows
 12399 | D:9      | Noticed Erica
 12428 | D:9      | Reached XP level 11. HP: 57/89 MP: 15/19
 12448 | D:9      | Killed Erica
 12884 | D:9      | Noticed Maurice
 12906 | D:9      | Killed Maurice
 12907 | D:9      | Reached skill level 14 in Bows
 13108 | D:9      | Found a runed translucent door.
 13109 | D:9      | Noticed Taurus's ghost (novice MiFi)
 13111 | D:9      | Identified the +7 trident "Liuxin" {vorpal, Str+6}
 13451 | D:9      | Learned a level 2 spell: Blink
 13516 | D:10     | Entered Level 10 of the Dungeon
 13554 | D:10     | Noticed a two-headed ogre
 13564 | D:10     | Killed a two-headed ogre
 13565 | D:10     | Reached skill level 1 in Translocations
 13809 | D:10     | Noticed a two-headed ogre
 13826 | D:10     | Killed a two-headed ogre
 14156 | D:10     | Found a staircase to the Orcish Mines.
 14170 | D:10     | Reached skill level 15 in Bows
 14639 | D:10     | Found a staircase to the Lair.
 15029 | D:10     | Noticed a two-headed ogre
 15033 | D:10     | Killed a two-headed ogre
 15234 | Lair:1   | Entered Level 1 of the Lair of Beasts
 16202 | Lair:1   | Reached skill level 16 in Bows
 17011 | Lair:2   | Noticed a death yak
 17014 | Lair:2   | Noticed a death yak
 17017 | Lair:2   | Noticed a death yak
 17020 | Lair:2   | Noticed a death yak
 17035 | Lair:1   | Killed a death yak
 17036 | Lair:1   | Reached XP level 12. HP: 63/96 MP: 21/21
 17721 | Lair:2   | Found a staircase to the Snake Pit.
 18328 | Lair:2   | Found the amulet of Elemental Vulnerability {rPois rF--
                  | rC-- AC+8}
 18596 | Lair:3   | Noticed a six-headed hydra
 18607 | Lair:3   | Killed a six-headed hydra
 18837 | Lair:3   | Reached skill level 10 in Fighting
 19202 | Lair:3   | Found a staircase to the Swamp.
 19426 | Lair:3   | Noticed a four-headed hydra
 19435 | Lair:3   | Killed a four-headed hydra
 20165 | D:11     | Noticed Grum
 20176 | D:11     | Killed Grum
 20953 | D:11     | Noticed a boulder beetle
 20975 | D:11     | Killed a boulder beetle
 20976 | D:11     | Reached XP level 13. HP: 84/115 MP: 20/22
 21396 | D:11     | Upgraded the game from 0.29-a0-617-g7a6b98fccd to
                  | 0.29-a0-620-g13ace881f2
 21497 | Lair:1   | Identified a scroll of acquirement
 21497 | Lair:1   | Acquired a +0 longbow of flaming
 21656 | Lair:4   | Found a dark tunnel.
 21668 | Volcano  | Entered a volcano
 21777 | Volcano  | Identified the +1 pair of boots of Cusa {Fly rCorr Int+4}
 21924 | Volcano  | Cast into level 2 of the Abyss (a wizard)
 22074 | Abyss:2  | Gained mutation: Your spells are a little easier to cast,
                  | but a little less powerful. [a neqoxec]
 22337 | Abyss:2  | Noticed a starcursed mass
 22413 | Abyss:2  | Killed from afar by a wretched star

Illustrated notes

Levels and vault maps discovered:
D:1:      matt_arrival_spirals, layout_loops_cross,
          dreamdust_ecumenical_altar_hidden_monk_grotto
D:2:      layout_basic, minmay_misc_feat_four_crosses, uniq_crazy_yiuf_cottage
D:3:      layout_basic, fountainhead, minmay_misc_feat_room, minmay_hedge_maze,
          guppyfry_early_lair_pool, uniq_robin, uniq_terence, uniq_natasha
D:4:      layout_loops_cross, serial_shops, nicolae_shop_window_shopping
D:5:      layout_rooms, trog_hazing_becter, gammafunk_temple_overflow_pools,
          uniq_grinder
D:6:      minmay_polygon_palace, layout_layer_cave, nicolae_stop_n_shop_2,
          uniq_edmund
D:7:      layout_basic, temple_green
D:8:      layout_loops_ring, hellmonk_guarded_unrand_zhor
D:9:      layout_basic, tso_metal_star, ebering_ghost_funeral_grove,
          kennysheep_kite_vault, uniq_maurice, uniq_erica, uniq_pikel
D:10:     layout_loops_corners, due_lair_maze_entry_diamond,
          kennysheep_orc_monster_closet_entryway
D:11:     layout_stronghold, uniq_grum
Temple:   mainiacjoe_temple_coin_purse
Lair:1:   layout_concentric_octagons, basic_altar, st_stairs_6,
          nicolae_quartered_pool_medium
Lair:2:   layout_small_grid, minmay_snake_entry_guardpost_medium
Lair:3:   layout_long_grid, minmay_swamp_entry_reptiles
Lair:4:   layout_hall_layers, enter_volcano_1
Abyss:2:  base:
D:8
Volcano:  volcano_bunker

Skill      XL: |  1  2  3  4  5  6  7  8  9 10 11 12 13 |
---------------+----------------------------------------+-----
Ice Magic      | 4 5 6 7 8 |  8.0
Spellcasting   | 2 3 4 |  4.0
Fighting       | 1 4 6 10 11 | 11.0
Dodging        | 2 |  2.0
Stealth        | 2 |  2.0
Armour         | 1 2 |  2.0
Bows           | 2 7 10 13 16 | 16.7
Translocations | 2 |  2.0

Action                   |  1- 3 |  4- 6 |  7- 9 | 10-12 | 13-15 || total
-------------------------+-------+-------+-------+-------+-------++-------
Melee: Long sword        |    44 |    38 |    51 |    18 |     4 ||   155
       Unarmed           |     1 |       |       |       |       ||     1
       Punch             |       |       |     2 |     1 |     1 ||     4
 Fire: Hunting sling     |       |    66 |    35 |       |       ||   101
       Shortbow          |       |       |   289 |   892 |    10 ||  1191
       Longbow           |       |       |       |       |   194 ||   194
 Cast: Freeze            |    26 |    66 |    13 |     3 |       ||   108
       Ozocubu's Armour  |     3 |    26 |    36 |    78 |    18 ||   161
       Blink             |       |       |       |     1 |       ||     1
  Use: Scroll            |       |     3 |     3 |    11 |     5 ||    22
       Potion            |       |       |       |     6 |       ||     6
 Stab: Sleeping          |     2 |     1 |       |       |       ||     3
Armor: Robe              |     1 |    63 |   171 |     2 |       ||   237
       Leather armour    |    22 |       |       |       |     9 ||    31
       Animal skin       |       |       |       |    93 |    42 ||   135
Dodge: Dodged            |    44 |    99 |   283 |   160 |    43 ||   629

Table legend: (Time is in decaauts)
 A = Elapsed time spent in this place.
 B = Non-inter-level travel time spent in this place.
 C = Inter-level travel time spent in this place.
 D = Time resting spent in this place.
 E = Time spent auto-exploring this place.
 F = Levels seen in this place.
 G = Mean time per level.
                   A        B        C        D        E       F      G
               +--------+--------+--------+--------+--------+-----+--------+
         Total |  22377 |  20310 |   2067 |   6740 |   9010 |  18 | 1243.2 |
       Dungeon |  17226 |  15517 |   1709 |   5319 |   6960 |  11 | 1566.0 |
        Temple |     39 |     34 |      5 |      0 |      0 |   1 |   39.0 |
          Lair |   4367 |   4015 |    352 |   1396 |   1751 |   4 | 1091.8 |
         Abyss |    485 |    485 |      0 |     25 |    299 |   1 |  485.0 |
       Volcano |    258 |    258 |      0 |      0 |      0 |   1 |  258.0 |
               +--------+--------+--------+--------+--------+-----+--------+

Top non-repeatable levels by time:
     D:6: 2505 daAuts
  Lair:1: 2178 daAuts
     D:9: 2063 daAuts
    D:10: 1827 daAuts
     D:7: 1716 daAuts
     D:5: 1545 daAuts
     D:3: 1495 daAuts
     D:8: 1490 daAuts
    D:11: 1449 daAuts
     D:4: 1285 daAuts
  Lair:3: 1131 daAuts
     D:1: 1055 daAuts
  Lair:2: 951 daAuts
     D:2: 791 daAuts
 Abyss:2: 485 daAuts
